 Dungeon Crawl Stone Soup version 0.16.1-18-g436b03c (webtiles) character file.

203 Narqulie the Ducker (level 6, -7/57 HPs)
             Began as a Kobold Berserker on May 4, 2015.
             Was a Believer of Trog.
             Mangled by a gnoll
             ... wielding a +0 club
              (11 damage)
             ... on level 4 of the Dungeon on May 5, 2015.
             The game lasted 00:13:19 (2811 turns).

Narqulie the Ducker (Kobold Berserker)              Turns: 2811, Time: 00:13:20

Health: -7/57      AC:  3    Str: 21    XL:     6   Next: 8%
Magic:  6/6        EV: 18    Int:  5    God:    Trog [**....]
Gold:   160        SH:  0    Dex: 17    Spells: 0 memorised, 5 levels left

rFire  . . .     SeeInvis .     a - +0 short sword
rCold  . . .     Clarity  .     b - +0 animal skin
rNeg   + . .     SustAb   .     (no shield)
rPois  .         Gourm    +     (no helmet)
rElec  .         Spirit   .     q - +0 cloak
rCorr  .         Warding  .     (no gloves)
rMut   .         Stasis   .     (no boots)
MR     .....                    k - amulet of the gourmand
Stlth  ..........               (no ring)
                                c - ring of positive energy

@: berserking, glowing, very quick, not resistant to hostile enchantments,
extremely unstealthy
A: carnivore 3
a: Burn Spellbooks, Berserk, Trog's Hand, Renounce Religion


You were on level 4 of the Dungeon.
You worshipped Trog.
Trog was pleased with you.
You were not hungry.

You visited 1 branch of the dungeon, and saw 4 of its levels.

You collected 160 gold pieces.

Inventory:

Hand weapons
 a - a +0 short sword (weapon)
 p - a +3 quarterstaff of chaos
Armour
 b - a +0 animal skin (worn)
 h - a +0 robe
 q - a +0 cloak (worn)
Jewellery
 c - a ring of positive energy (left hand)
 k - an amulet of the gourmand (around neck)
Scrolls
 d - a scroll of fear {unknown}
 e - 3 scrolls of identify {unknown}
 f - a scroll of amnesia {unknown}
 g - a scroll of remove curse {unknown}
 j - a scroll of random uselessness {unknown}
 m - a scroll of immolation {unknown}
 o - 2 scrolls of teleportation {unknown}
Potions
 i - 2 potions of flight
 n - a potion of curing {unknown}
 s - a potion of degeneration {unknown}
Comestibles
 l - a beef jerky
 r - a meat ration


   Skills:
 + Level 4.1 Fighting
 * Level 5.0 Short Blades
 * Level 1.7 Armour
 * Level 5.2 Dodging
 * Level 2.2 Stealth


You had 5 spell levels left.
You didn't know any spells.

Dungeon Overview and Level Annotations

Branches:
Dungeon (4/15)
 Temple: D:4-7

Altars:
Yredelemnul
The Shining One


Innate Abilities, Weirdness & Mutations

You are small and have problems with some larger weapons.
You are carnivorous and can eat meat at any time.


Message History

The gnoll shaman is severely wounded.
The gnoll shaman hits you with a whip!
* * * LOW HITPOINT WARNING * * *
You are too injured to fight recklessly!
You are too injured to fight recklessly!
You are too injured to fight recklessly!
You are too injured to fight recklessly!
You are too injured to fight recklessly!
You are too injured to fight recklessly!
You puncture the gnoll shaman!
You kill the gnoll shaman!
Trog accepts your kill.
Your Stealth skill increases to level 2!
You have reached level 6!
Your experience leads to an increase in your attributes!
Your base attributes are Str 16, Int 5, Dex 16.
Increase (S)trength, (I)ntelligence, or (D)exterity?
You feel agile. The gnoll hits you with a club!
You die...

#..<.# #.#
####.#
##.####
##.###.#...##
#...#.....#
#........#
####.....#
##..$## ##.##
#@# #g# #g#


gb. ### You could see 3 gnolls and a bat.

Vanquished Creatures
  An orc priest (D:3)
  Crazy Yiuf (D:2)
  A gnoll shaman (D:4)
  An orc wizard (D:3)
  3 adders
  3 oozes
  6 orcs (D:3)
  6 bats
  A giant cockroach (D:2)
  5 hobgoblins (D:1)
  3 jackals (D:3)
  10 kobolds
  A ball python (D:1)
  3 giant newts
  5 goblins
  7 rats
57 creatures vanquished.

Notes
Turn   | Place    | Note
--------------------------------------------------------------
     0 | D:1      | Narqulie, the Kobold Berserker, began the quest for the Orb.
     0 | D:1      | Reached XP level 1. HP: 14/14 MP: 1/1
    25 | D:1      | Reached XP level 2. HP: 14/19 MP: 2/2
   497 | D:1      | Reached XP level 3. HP: 20/23 MP: 3/3
   528 | D:1      | Acquired Trog's second power
   949 | D:2      | Reached skill level 1 in Stealth
   950 | D:2      | Found a glowing golden altar of the Shining One.
  1225 | D:2      | Reached XP level 4. HP: 20/28 MP: 4/4
  1259 | D:2      | Noticed Crazy Yiuf
  1270 | D:2      | Killed Crazy Yiuf
  1725 | D:3      | Reached XP level 5. HP: 33/33 MP: 5/5
  1778 | D:3      | Reached skill level 5 in Short Blades
  1860 | D:3      | Reached skill level 5 in Dodging
  1909 | D:3      | Found a basalt altar of Yredelemnul.
  2810 | D:4      | Reached XP level 6. HP: 3/38 MP: 6/6
  2811 | D:4      | Mangled by a gnoll

Action                   |  1- 3 |  4- 6 || total
-------------------------+-------+-------++-------
Melee: Short sword       |   147 |   141 ||   288
Invok: Berserk           |     1 |     1 ||     2
       Trog's Hand       |       |     1 ||     1
  Use: Potion            |       |     3 ||     3
 Stab: Sleeping          |       |     1 ||     1
  Eat: Chunk             |     1 |     2 ||     3
       Meat ration       |     1 |       ||     1
